 Dungeon Crawl Stone Soup version 0.24-a0-378-g94936e539c (webtiles) character file.

Game seed: 10571348405905580175

185 Gargoyl the Skirmisher (level 5, -1/46 HPs)
             Began as a Centaur Abyssal Knight on June 1, 2019.
             Was a Believer of Lugonu.
             Slain by a phantom (7 damage)
             ... on level 4 of the Dungeon.
             The game lasted 00:05:05 (2482 turns).

Gargoyl the Skirmisher (Centaur Abyssal Knight)     Turns: 2482, Time: 00:05:05

Health: -1/46      AC:  8    Str: 15    XL:     5   Next: 37%
Magic:  7/7        EV:  7    Int: 11    God:    Lugonu [**....]
Gold:   90         SH:  0    Dex:  9    Spells: 4/4 levels left

rFire    . . .     SeeInvis .   h - +4 war axe
rCold    . . .     Gourm    .   (no shield)
rNeg     . . .     Faith    .   d - +1 scale mail
rPois    .         Spirit   .   (no helmet)
rElec    .         Reflect  .   (no cloak)
rCorr    .         Harm     .   b - +0 pair of gloves
MR       .....                  (no barding)
Stlth    ..........             (no amulet)
HPRegen  0.15/turn              (no ring)
MPRegen  0.10/turn              (no ring)

@: very quick
A: large, hooves 3, deformed body, speed 2, tough skin 3
a: Depart the Abyss, Bend Space, Renounce Religion


You were on level 4 of the Dungeon.
You worshipped Lugonu.
Lugonu was pleased with you.
You were not hungry.

You visited 1 branch of the dungeon, and saw 4 of its levels.
You visited the Abyss 1 time.

You collected 90 gold pieces.

Inventory:

Hand Weapons
 a - a +2 hand axe
 h - a +4 war axe (weapon)
Missiles
 j - 3 boomerangs (quivered)
Armour
 b - a +0 pair of gloves (worn)
 d - a +1 scale mail (worn)
Scrolls
 e - 2 scrolls of remove curse
 f - a scroll of identify
 i - a scroll of fog
Potions
 k - a potion of flight
 l - a potion of haste
Comestibles
 c - 7 rations


   Skills:
 + Level 3.7 Fighting
 + Level 2.8 Axes
 * Level 2.5 Armour
 * Level 1.4 Dodging
 * Level 3.0 Invocations


You had 4 spell levels left.
You didn't know any spells.
Your spell library was empty.

Dungeon Overview and Level Annotations

Branches:
Dungeon (4/15)
 Temple: D:4-7

Altars:
Fedhas
Hepliaklqana
Ru
Trog
Uskayaw
Vehumet
Yredelemnul


Innate Abilities, Weirdness & Mutations

You have hooves in place of feet.
Armour fits poorly on your strangely shaped body.
You cover ground very quickly.
You have extremely tough skin. (AC +3)


Message History

Throwing (i - inventory)
j - 3 boomerangs (quivered)
Press: ? - help, Shift-Dir - straight line, f/p - phantom
Aim: a phantom (moderately damaged)
You throw a boomerang.
The boomerang barely misses the phantom.
You completely miss the phantom.
The phantom is moderately damaged.
The phantom blinks!
Throwing (i - inventory)
j - 3 boomerangs (quivered)
Press: ? - help, Shift-Dir - straight line, f/p - phantom
Aim: a phantom (moderately damaged)
You throw a boomerang.
The boomerang completely misses the phantom.
You barely miss the phantom. You kick the phantom.
The phantom is heavily damaged.
The phantom hits you!
* * * LOW HITPOINT WARNING * * *
The phantom blinks!
You feel better. The phantom hits you!
You die...

#..# ##.## #.<# ##.##
#..# ##.## #### ##..##
##..### ##.#..#
##.....# ##..#..##
#..@§..##
#...##..###.W.....#
##..###..##........#
#...# ##...........#
##..## ##>#.†.......#
#...####.##.........#
#..###..###.........#
##..##..###.........##
#..##..## #.........#


You could see a phantom.

Vanquished Creatures
  A howler monkey (D:4)
  An orc priest (D:4)
  Jessica (D:2)
  2 adders (D:3)
  An ooze (D:4)
  2 dart slugs
  2 worms
  5 orcs
  4 giant cockroaches
  10 goblins
  6 hobgoblins
  3 jackals
  A quokka (D:4)
  A ball python skeleton (D:4)
  6 bats
  4 frilled lizards
  2 kobolds (D:1)
  4 rats
56 creatures vanquished.

Notes
Turn   | Place    | Note
-------+----------+-------------------------------------------
     0 | Abyss:1  | Gargoyl the Centaur Abyssal Knight began the quest for the
                  | Orb.
     0 | Abyss:1  | Reached XP level 1. HP: 19/19 MP: 2/2
     6 | Abyss:1  | Found a corrupted altar of Lugonu.
    38 | Abyss:1  | Noticed a hellephant
    39 | D:1      | Escaped the Abyss
   130 | D:1      | Reached XP level 2. HP: 26/26 MP: 3/3
   258 | D:1      | Reached * piety under Lugonu
   981 | D:2      | Reached skill level 1 in Dodging
  1046 | D:2      | Found a hazy altar of Hepliaklqana.
  1120 | D:2      | Found a basalt altar of Yredelemnul.
  1120 | D:2      | Found a faded altar of an unknown god.
  1129 | D:2      | Found a hide-covered altar of Uskayaw.
  1131 | D:2      | Found a radiant altar of Vehumet.
  1133 | D:2      | Found a blossoming altar of Fedhas.
  1200 | D:2      | Noticed Jessica
  1202 | D:2      | Killed Jessica
  1202 | D:2      | Reached XP level 3. HP: 31/31 MP: 4/4
  1456 | D:3      | Reached XP level 4. HP: 38/39 MP: 5/5
  1544 | D:3      | Found a bloodstained altar of Trog.
  1736 | D:3      | Reached ** piety under Lugonu
  2035 | D:4      | Reached XP level 5. HP: 45/46 MP: 7/7
  2169 | D:4      | Noticed a phantom
  2203 | D:4      | Found a sacrificial altar of Ru.
  2481 | D:4      | HP: 1/46 [phantom (7)]
  2482 | D:4      | Slain by a phantom

Levels and vault maps discovered:
D:1:      wander_arrival_estate, layout_basic, minmay_misc_feat_cross,
          minmay_misc_feat_room, chequers_big_river, minmay_distorted
D:2:      layout_rooms, lemuel_crystal_altar,
          chequers_temple_overflow_minitemple, minmay_splitting_lines,
          uniq_jessica
D:3:      layout_basic, bloody_trog
D:4:      layout_cave_pods, old_standard_altar, nicolae_ossuary_entry_monument,
          first_ration, st_stairs_12, uniq_grinder

Skill      XL: |  1  2  3  4  5 |
---------------+----------------+-----
Dodging        | 1 |  1.4
Axes           | 2 |  2.8
Armour         | 2 |  2.5
Invocations    | 3 |  3.0
Fighting       | |  3.7

Action                   |  1- 3 |  4- 6 || total
-------------------------+-------+-------++-------
Melee: Hand axe          |    60 |    93 ||   153
       Kick              |    14 |    16 ||    30
       War axe           |       |     2 ||     2
Throw: Boomerang         |       |     9 ||     9
Invok: Depart the Abyss  |     1 |       ||     1
  Use: Scroll            |     9 |       ||     9
       Potion            |     1 |     4 ||     5
  Eat: Chunk             |     1 |     1 ||     2
       Ration            |       |     1 ||     1
Armor: Scale mail        |    24 |    64 ||    88
Dodge: Dodged            |    19 |    36 ||    55

Table legend:
 A = Non-vault XP
 B = Vault XP
 C = Vault XP percentage of total XP
 D = Non-vault monster count
 E = Vault monster count
 F = Vault count percentage of total count
                 A         B        C        D         E       F
            +---------+---------+-------+---------+---------+-------
      Total |     214 |      51 |  19.2 |      51 |       5 |   8.9
            +---------+---------+-------+---------+---------+-------
        D:1 |      21 |       7 |  25.0 |      13 |       3 |  18.8
        D:2 |      10 |      37 |  78.7 |       7 |       1 |  12.5
        D:3 |      67 |       0 |   0.0 |      22 |       0 |   0.0
        D:4 |     116 |       7 |   5.7 |       9 |       1 |  10.0
            +---------+---------+-------+---------+---------+-------
